 Dungeon Crawl Stone Soup version 0.20.0-15-g7f486f2 (webtiles) character file.

251 Firecrotchwizard the Chopper (level 5, 0/48 HPs)
             Began as a Minotaur Berserker on June 12, 2017.
             Was a Believer of Trog.
             Slain by a kobold
             ... wielding a +0 whip
              (1 damage)
             ... on level 3 of the Dungeon.
             The game lasted 00:04:52 (1953 turns).

Firecrotchwizard the Chopper (Minotaur Berserker)   Turns: 1953, Time: 00:04:52

Health: 0/48       AC:  6    Str: 21    XL:     5   Next: 88%
Magic:  4/4        EV: 12    Int:  4    God:    Trog [**....]
Gold:   182        SH:  0    Dex: 11    Spells: 4/4 levels left

rFire    . . .     SeeInvis .   q - +0 broad axe
rCold    . . .     Gourm    .   (no shield)
rNeg     . . .     Faith    .   f - +0 ring mail (curse)
rPois    .         Spirit   .   (helmet restricted)
rElec    .         Reflect  .   (no cloak)
rCorr    .         Harm     .   (no gloves)
MR       .....                  g - +0 pair of boots
Stlth    +.........             (no amulet)
Regen    0.2/turn               (no ring)
MPRegen  0.1/turn               (no ring)

@: no status effects
A: retaliatory headbutt, horns 2
a: Berserk, Trog's Hand, Burn Spellbooks, Renounce Religion


You were on level 3 of the Dungeon.
You worshipped Trog.
Trog was pleased with you.
You were hungry.

You visited 1 branch of the dungeon, and saw 3 of its levels.

You collected 182 gold pieces.

Inventory:

Hand Weapons
 a - a +0 hand axe
 q - a +0 broad axe (weapon)
   (You found it on level 2 of the Dungeon)
 r - a +1 dagger of venom
   (You took it off an orc wizard on level 2 of the Dungeon)
Armour
 b - a +0 animal skin
 f - a cursed +0 ring mail (worn)
   (You found it on level 2 of the Dungeon)
 g - a +0 pair of boots (worn)
   (You found it on level 1 of the Dungeon)
 o - a +0 scale mail
   (You found it on level 2 of the Dungeon)
Scrolls
 d - 3 scrolls of identify {unknown}
 h - a scroll of immolation {unknown}
 i - 3 scrolls of teleportation {unknown}
 j - a scroll of blinking {unknown}
 k - a scroll of noise {unknown}
 m - a scroll of fear {unknown}
 p - 4 scrolls of fog {unknown}
 t - a scroll of amnesia {unknown}
Potions
 e - a potion of mutation {unknown}
 n - 3 potions of heal wounds {unknown}
 u - 3 potions of might {unknown}
Comestibles
 c - a bread ration {@e1}
 l - a meat ration {@e2}
 s - 2 royal jellies


   Skills:
 + Level 5.0 Fighting
 * Level 6.1 Axes
 + Level 3.6 Armour
 + Level 3.1 Dodging


You had 4 spell levels left.
You didn't know any spells.

Dungeon Overview and Level Annotations

Branches:
Dungeon (3/15)

Altars:
Ru


Innate Abilities, Weirdness & Mutations

You reflexively headbutt those who attack you in melee.
You have a pair of horns on your head.


Message History

You kill the kobold!
Trog accepts your kill.
All of the chunks of flesh in your inventory have rotted away.
No target in view!
f - a glowing ring mail You now have 159 gold pieces (gained 10).
You start removing your armour.
You continue taking off your +0 scale mail. x4
You finish taking off your +0 scale mail.
You start putting on your armour.
You continue putting on your glowing ring mail. x5
You finish putting on your cursed +0 ring mail.
Oops, that feels deathly cold.
Health restored: 48
There is an open door here.
You open the door.
There is an open door here.
There is a stone staircase leading down here.
Done exploring.
Done exploring.
Done exploring.
(D) Dungeon
Where to? (Enter - D:2, ? - help)
There is a stone staircase leading down here.
You climb downwards.
You are feeling hungry.
There is a stone staircase leading up here.
You may need something to eat soon, looking for food.
Can't find anything matching that.
Okay, then.
i - 3 scrolls labeled GIFRERCHIUCW (gained 1)
You now have 171 gold pieces (gained 12).
You now have 182 gold pieces (gained 11).
A gnoll and a kobold come into view.
The gnoll shouts!
The kobold throws a stone.
The stone hits you but does no damage.
The kobold throws a stone.
The stone hits you but does no damage.
You see here a stone.
A rat and a gnoll come into view.
The gnoll shouts!
A gnoll comes into view. It is wielding a halberd.
The gnoll shouts!
The gnoll hits you with a flail.
A gnoll comes into view. It is wielding a whip.
You take 5 damage, and have 43/48 hp.
You barely miss the gnoll.
The gnoll shouts!
Your headbutt misses the gnoll. You closely miss the rat.
The rat bites you but does no damage. The rat barely misses you.
The gnoll hits you with a flail.
A hobgoblin comes into view. It is wielding a club.
You take 1 damage, and have 42/48 hp.
You hit the gnoll. You closely miss the rat.
The rat bites you but does no damage. The gnoll hits you with a flail!
You take 12 damage, and have 30/48 hp.
MASSIVE DAMAGE!!
You slash the gnoll!
You headbutt the gnoll, but do no damage.
You hit the rat but do no damage. The rat bites you but does no damage.
The gnoll hits you with a flail. The gnoll hits you with a club.
A kobold comes into view. It is wielding a short sword.
You take 5 damage, and have 25/48 hp.
The kobold throws a stone.
The stone hits you.
You see here a stone.
You take 2 damage, and have 23/48 hp.
You slash the rat!
You kill the rat!
Trog accepts your kill. The gnoll misses you.
The kobold throws a stone.
The stone hits you.
You barely miss the gnoll.
The kobold shouts!
The gnoll barely misses you. The gnoll closely misses you.
You furiously retaliate!
You headbutt the gnoll. You closely miss the gnoll.
Your headbutt misses the gnoll. You barely miss the kobold.
The kobold barely misses you. You furiously retaliate!
You headbutt the kobold. The gnoll barely misses you.
The gnoll hits you with a flail! The kobold barely misses you.
You take 8 damage, and have 15/48 hp.
You closely miss the gnoll. You headbutt the gnoll.
You kill the gnoll!
Trog accepts your kill.
You barely miss the kobold.
The gnoll hits you from afar with a halberd.
* * * LOW HITPOINT WARNING * * *
The kobold hits you with a whip.
* * * LOW HITPOINT WARNING * * *
The gnoll hits you with a club.
* * * LOW HITPOINT WARNING * * *
You take 9 damage, and have 6/48 hp.
You closely miss the kobold. Your headbutt misses the kobold.
You barely miss the gnoll. The gnoll closely misses you.
The kobold hits you with a whip.
* * * LOW HITPOINT WARNING * * *
The gnoll hits you but does no damage.
You take 5 damage, and have 1/48 hp.
You hit the kobold but do no damage. You hit the gnoll but do no damage.
The kobold barely misses you. The gnoll hits you but does no damage.
The kobold hits you but does no damage. The kobold hits you with a whip.
You die...

K.#.## ../K #.........
#..... ....# ##....####
##.....
....####........
.......
...##..##...#### .....
###..##..##...# ##. ..g
...##....##..#
.....#g###..##....##..#
.......g(K..#......#..#
.....#.##@..#......#..#
... #. #.....####....#
. #.....#### ####.#
........ .... ####..###
#.### #..# #.# #..# #.#
...# .#


You could see 2 gnolls and a kobold.

Vanquished Creatures
  An ogre (D:2)
  An orc wizard (D:2)
  A worker ant (D:2)
  A gnoll (D:3)
  4 adders (D:2)
  An ooze (D:1)
  A worm (D:2)
  2 dart slugs (D:1)
  2 leopard geckos
  5 giant cockroaches
  6 goblins
  4 hobgoblins (D:2)
  8 jackals
  8 kobolds
  2 quokkas (D:2)
  A ball python (D:2)
  7 bats
  2 frilled lizards (D:2)
  4 rats
61 creatures vanquished.

Notes
Turn   | Place    | Note
-------+----------+-------------------------------------------
     0 | D:1      | Firecrotchwizard the Minotaur Berserker began the quest for the Orb.
     0 | D:1      | Reached XP level 1. HP: 19/19 MP: 0/0
   115 | D:1      | Reached skill level 4 in Axes
   117 | D:1      | Reached XP level 2. HP: 27/27 MP: 1/1
   123 | D:1      | Reached skill level 4 in Fighting
   435 | D:1      | Reached XP level 3. HP: 26/33 MP: 2/2
   724 | D:1      | Reached ** piety under Trog
  1014 | D:2      | Found a sacrificial altar of Ru.
  1019 | D:2      | Reached skill level 5 in Axes
  1019 | D:2      | Reached XP level 4. HP: 40/41 MP: 3/3
  1320 | D:2      | Noticed an ogre
  1324 | D:2      | Reached skill level 3 in Armour
  1325 | D:2      | Killed an ogre
  1325 | D:2      | Reached skill level 3 in Dodging
  1325 | D:2      | Reached XP level 5. HP: 44/47 MP: 4/4
  1453 | D:2      | Reached skill level 5 in Fighting
  1536 | D:2      | Reached skill level 6 in Axes
  1950 | D:3      | HP: 12/48 [gnoll/halberd (3)]
  1951 | D:3      | HP: 1/48 [kobold/whip (6)]
  1953 | D:3      | Slain by a kobold

Skill      XL: |  1  2  3  4  5 |
---------------+----------------+-----
Axes           | 4 5 6 |  6.1
Fighting       | 4 5 |  5.0
Armour         | 3 |  3.6
Dodging        | 3 |  3.1

Action                   |  1- 3 |  4- 6 || total
-------------------------+-------+-------++-------
Melee: Hand axe          |    51 |       ||    51
       Headbutt          |    10 |     6 ||    16
       Broad axe         |    13 |    45 ||    58
Invok: Trog's Hand       |       |     1 ||     1
 Stab: Paralysed         |     1 |       ||     1
  Eat: Chunk             |       |     3 ||     3
Armor: Animal skin       |    12 |       ||    12
       Scale mail        |    12 |    20 ||    32
       Ring mail         |       |     7 ||     7
Dodge: Dodged            |    49 |    33 ||    82

Vault maps used:
D:1:      lightli_molten_gateway, minmay_misc_feat_roman,
          wad_floor_pattern_untrapped, minmay_misc_feat_secret_circle
D:2:      kennysheep_six_static_rooms, nicolae_ru_great_annihilating_truth,
          minmay_divided_ellipse
D:3:      kennysheep_big_flooded_room, minmay_misc_feat_x

Table legend:
 A = Turns spent in this place as a percentage of turns spent in the entire game.
 B = Non-inter-level travel turns spent in this place as a percentage of non-inter-level travel turns spent in the entire game.
 C = Inter-level travel turns spent in this place as a percentage of turns spent in this place.
 D = Turns resting spent in this place as a percentage of non-inter-level travel turns spent in this place.
 E = Turns spent auto-exploring this place as a percentage of non-inter-level travel turns spent in this place.
 F = Non-inter-level travel turns spent in this place divided by the number of levels of this place that you've seen.
                   A       B       C       D       E      F
               +-------+-------+-------+-------+-------+----------------------
         Total | 100.0 | 100.0 |   0.4 |   4.1 |  14.0 | 155.0
       Dungeon | 100.0 | 100.0 |   0.4 |   4.1 |  14.0 | 155.0
               +-------+-------+-------+-------+-------+----------------------

Table legend:
 A = Kills in this place as a percentage of kills in entire the game.
 B = Kills by you in this place as a percentage of kills by you in the entire game.
 C = Kills by friends in this place as a percentage of kills by friends in the entire game.
 D = Other kills in this place as a percentage of other kills in the entire game.
 E = Experience gained in this place as a percentage of experience gained in the entire game.
 F = Experience gained in this place divided by the number of levels of this place that you have seen.
                   A       B       C       D       E      F
               +-------+-------+-------+-------+-------+----------------------
         Total | 100.0 | 100.0 |  -nan |  -nan | 100.0 | 119.7
       Dungeon | 100.0 | 100.0 |  -nan |  -nan | 100.0 | 119.7
               +-------+-------+-------+-------+-------+----------------------
